AoeStats
← WardedWorm3

Arena

510411777Analyzed
1v1 RM · 2d ago on Sep 30, 2026· 35m 38s· 2 players
Game mode
Random Map
Map size
Tiny (2 player)
Population
200
Speed
Normal
Resources
Standard
Victory
Conquest
Starting age
Dark Age
Ending age
Imperial Age
RankedLock teamsTeams togetherTeam positionsShared explorationLock speedFull tech treeHidden civsTurbo modeCheats
Victory
Defeat
🇨🇴 Spanish · Colombia
1054
+16
🇨🇿 Portuguese · Czechia
1052
-16
LendaBenda
10:09 Feudal Age
10:13 Feudal Age
8:29 Loom
15:02 Castle Age
12:55 Double-Bit Axe
13:28 Gold Mining
13:32 Horse Collar
14:40 Loom
16:11 Heavy Plow
16:30 Bow Saw
17:43 Wheelbarrow
19:12 Elite Skirmisher
20:56 Heavy Plow
25:12 Fletching
26:01 Padded Archer Armor
27:13 Leather Archer Armor
26:56 Bodkin Arrow
28:22 Ballistics
32:11 Imperial Age
33:57 Chemistry
WardedWorm3
10:40 Feudal Age
9:08 Loom
14:45 Castle Age
13:06 Stone Mining
13:15 Double-Bit Axe
13:40 Horse Collar
14:43 Gold Mining
18:30 Sanctity
22:01 Wheelbarrow
23:16 Bloodlines
24:15 Husbandry
26:26 Redemption
31:05 Imperial Age
29:02 Fletching
29:13 Padded Archer Armor
29:38 Bow Saw
29:21 Gold Mining
30:11 Bodkin Arrow
30:39 Leather Archer Armor
31:23 Ballistics
31:00 Murder Holes
31:23 Masonry
32:59 Conscription
34:35 Ring Archer Armor
35:13 Town Watch
35:44 Hand Cart
Connection lost

Rejoining the realm…

Still unreachable

The connection could not be restored.

Session expired

The server has moved on; the page needs a fresh start.